AoeStats
← 鄙人張麻子

MegaRandom

505172268Analyzed
4v4 RM · 25d ago on Sep 8, 2026· 19m 14s· 8 players
Game mode
Random Map
Map size
Large (8 player)
Population
200
Speed
Normal
Resources
Standard
Victory
Conquest
Starting age
Dark Age
Ending age
Imperial Age
RankedLock teamsTeams togetherTeam positionsShared explorationLock speedFull tech treeHidden civsTurbo modeCheats
Victory
Defeat
🇵🇹 Lithuanians · Portugal
1259
+14
🇺🇸 Bulgarians · United States
1256
+14
🇲🇽 Vietnamese · Mexico
1252
+14
🇨🇴 Slavs · Colombia
1250
+14
🇨🇳 Mongols · China
1288
-17
🇹🇼 Maya · Taiwan
1212
-14
🇫🇷 Franks · France
1177
-13
🇨🇳 Magyars · China
1150
-12
鄙人張麻子
6:56 Loom
9:16 Feudal Age
11:29 Double-Bit Axe
11:41 Fletching
Ver.Zhang
9:49 Feudal Age
10:18 Loom
10:22 Double-Bit Axe
12:56 Horse Collar
18:18 Scale Barding Armor
y.尊 尊
10:32 Loom
13:04 Feudal Age
14:40 Wheelbarrow
14:21 Double-Bit Axe
MisterTinou
4:33 Loom
8:32 Loom
11:05 Feudal Age
11:38 Double-Bit Axe
batbeetch
7:30 Loom
9:51 Feudal Age
10:47 Double-Bit Axe
14:03 Wheelbarrow
13:44 Fletching
13:54 Padded Archer Armor
15:53 Town Watch
16:42 Horse Collar
Speed_of_Anarchy
7:34 Loom
10:14 Feudal Age
10:58 Double-Bit Axe
10:55 Horse Collar
17:11 Forging
17:29 Scale Barding Armor
Flower
12:29 Feudal Age
14:57 Man-at-Arms
17:56 Wheelbarrow
17:10 Loom
1of4kind
5:48 Loom
8:45 Feudal Age
9:49 Double-Bit Axe
12:38 Scale Barding Armor
14:43 Forging
20:56 Castle Age
Connection lost

Rejoining the realm…

Still unreachable

The connection could not be restored.

Session expired

The server has moved on; the page needs a fresh start.